 Dungeon Crawl Stone Soup version 0.29.1-2-gbd0b4ee654 (webtiles) character file.

Game seed: 4199211688073387542

82 cdecastro the Poker (level 4, -27/36 HPs)
             Began as a Demonspawn Abyssal Knight on Nov 13, 2022.
             Was a Priest of Lugonu.
             Annihilated by an ogre
             ... wielding a +0 giant spiked club
              (28 damage)
             ... on level 4 of the Dungeon.
             The game lasted 00:05:28 (4733 turns).

cdecastro the Poker (Demonspawn Abyssal Knight)     Turns: 4733, Time: 00:05:29

Health: -27/36     AC:  4    Str: 13    XL:     4   Next: 21%
Magic:  5/5        EV: 11    Int: 13    God:    Lugonu [***...]
Gold:   52         SH:  0    Dex: 14    Spells: 3/3 levels left

rFire   . . .      SeeInvis .   a - +1 spear
rCold   . . .      Faith    .   (no shield)
rNeg    . . .      Spirit   .   b - +0 leather armour
rPois   .          Reflect  .   (no helmet)
rElec   .          Harm     .   (no cloak)
rCorr   .          Rampage  .   (no gloves)
Will    .....                   (no boots)
Stlth   +.........              (no amulet)
HPRegen 0.12/turn               (no ring)
MPRegen 0.18/turn               (no ring)

@: no status effects
A: rugged brown scales 1, demonic guardian 1, magic regeneration
a: Renounce Religion, Depart the Abyss, Bend Space, Banish


You were on level 4 of the Dungeon.
You worshipped Lugonu.
Lugonu was most pleased with you.
You visited 1 branch of the dungeon, and saw 4 of its levels.
You visited the Abyss 1 time.

You collected 204 gold pieces.
You spent 152 gold pieces at shops.

Inventory:

Hand Weapons
 a - a +1 spear (weapon)
Missiles
 g - 18 stones
 h - 4 poisoned darts
Armour
 b - a +0 leather armour (worn)
 k - a +0 chain mail
Wands
 p - a wand of acid (3)
Scrolls
 c - 2 scrolls of poison {unknown}
 d - a scroll of enchant armour {unknown}
 j - 3 scrolls of teleportation {unknown}
 m - 3 scrolls of identify {unknown}
 n - 2 scrolls of silence {unknown}
 q - a scroll of summoning {unknown}
 s - a scroll of blinking {unknown}
 t - a scroll of noise {unknown}
 v - a scroll of fear {unknown}
Potions
 e - 5 potions of curing {unknown}
 f - 2 potions of cancellation {unknown}
 i - 2 potions of resistance {unknown}
 l - a potion of degeneration {unknown}
 o - 2 potions of might {unknown}
 r - a potion of haste {unknown}
 u - a potion of flight {unknown}
 w - a potion of mutation {unknown}


   Skills:
 - Level 3.0 Fighting
 * Level 4.1 Polearms
 - Level 1.7 Armour
 - Level 0.8 Dodging
 - Level 2.4 Invocations


You had 3 spell levels left.
You didn't know any spells.
Your spell library contained the following spells:

 Spells                   Type           Power      Damage    Failure   Level
 Ensorcelled Hibernation  Hex/Ice        0%         N/A       52%         2
 Passwall                 Tmut/Erth      0%         N/A       52%         2
 Swiftness                Air            0%         N/A       75%         3


Dungeon Overview and Level Annotations

Branches:
Dungeon (4/15)
 Temple: D:4-7

Altars:

Shops:
D:2 :   D:3 *


Innate Abilities, Weirdness & Mutations

You are partially covered in rugged brown scales. (AC +1, +3% HP)
A weak demonic guardian rushes to your aid.
You regenerate magic rapidly.


Message History

There is a stone staircase leading down here.
An ogre comes into view. It is wielding a +0 giant spiked club.
An ogre is nearby!
An ogre is nearby!
An ogre is nearby!
The ogre attacks as you move away! The ogre closely misses you.
The ogre attacks as you move away! The ogre barely misses you.
You don't know any spells.
Okay, then.
Okay, then.
Unknown command.
Reach: a) +1 spear
Press: ? - help, Dir - move target, f - ogre
Aim: an ogre, wielding a +0 giant spiked club (about 22% to evade your +1 spear)
You reach to attack!
You hit the ogre.
The ogre is lightly wounded.
Unknown command.
You hit the ogre.
The ogre is moderately wounded.
The ogre barely misses you.
You hit the ogre.
The ogre is moderately wounded.
The ogre hits you with a +0 giant spiked club!
You hit the ogre but do no damage.
The ogre is moderately wounded.
You hit the ogre.
The ogre is heavily wounded.
The ogre closely misses you.
You hit the ogre.
The ogre is severely wounded.
You hit the ogre.
The ogre is almost dead.
The ogre hits you with a +0 giant spiked club!!
Ouch! That really hurt!
* * * LOW HITPOINT WARNING * * *
A demonic guardian appears!
The ogre attacks as you move away!
The ogre hits you with a +0 giant spiked club!!
Ouch! That really hurt!
You die...

#.. #..# .# #.#
#..#####.# ##########
#.# #........#
.........## #.#
#.######## ###.......#
#.#######.#
#.####..######.#.......#
#.# #)........#5#######
###.# #.>#####..O.###
#...####..# ##.#@....#
.....>....###.##)....###
#..#####......##.......#
#..# #..###.##.....#.#
#..#####..#
##.#.....#.##
....<.....# #....##...#
#..#####.## ####....#..
.........# #.##...#
.....>...# #.# .##


You could see an ogre (ally target) and a friendly iron imp (summoned).

Vanquished Creatures
  2 adders
  A worm (D:4)
  A dart slug (D:3)
  4 ball pythons
  7 endoplasms
  A giant cockroach (D:3)
  7 goblins
  5 hobgoblins
  4 jackals (D:4)
  5 kobolds
  2 bats (D:2)
  2 rats
41 creatures vanquished.

Vanquished Creatures (collateral kills)
  3 worms
  A quokka (D:2)
4 creatures vanquished.

Grand Total: 45 creatures vanquished

Notes
Turn   | Place    | Note
-------+----------+-------------------------------------------
     0 | Abyss:1  | cdecastro the Demonspawn Abyssal Knight began the quest for
                  | the Orb.
     0 | Abyss:1  | Reached XP level 1. HP: 18/18 MP: 2/2
    11 | D:1      | Escaped the Abyss
   252 | D:1      | Reached skill level 2 in Polearms
   815 | D:2      | Gained mutation: You regenerate magic rapidly. [demonic
                  | ancestry]
   815 | D:2      | Reached XP level 2. HP: 13/24 MP: 3/3
  1129 | D:2      | Found a faded altar of an unknown god.
  1272 | D:2      | You fall into a shaft and drop 1 floor!
  1407 | D:3      | Reached skill level 3 in Polearms
  1940 | D:2      | Gained mutation: A weak demonic guardian rushes to your
                  | aid. [demonic ancestry]
  1940 | D:2      | Reached XP level 3. HP: 29/29 MP: 4/4
  2594 | D:2      | Found Qoleuh's Book Shoppe.
  3107 | D:3      | Reached *** piety under Lugonu
  3735 | D:3      | Found Miutoump's Assorted Antiques.
  3743 | D:3      | Bought a scroll labelled OBEBRIE ROIR for 32 gold pieces
  3743 | D:3      | Bought a purple potion for 28 gold pieces
  3743 | D:3      | Bought a scroll labelled RAIDGHOUCLAU for 32 gold pieces
  3743 | D:3      | Bought a scroll labelled LEALIH ITIFEIKIWK for 32 gold
                  | pieces
  3743 | D:3      | Bought a black potion for 28 gold pieces
  3939 | D:4      | Gained mutation: You are partially covered in rugged brown
                  | scales. (AC +1, +3% HP) [demonic ancestry]
  3939 | D:4      | Reached XP level 4. HP: 29/36 MP: 5/5
  3947 | D:4      | Reached skill level 4 in Polearms
  4104 | D:4      | Noticed a phantom
  4710 | D:4      | Noticed an ogre
  4732 | D:4      | HP: 1/36 [ogre/+0 giant spiked club (21)]
  4733 | D:4      | Annihilated by an ogre

Illustrated notes

Levels and vault maps discovered:
D:1:      minmay_arrival_four_loops, layout_loops_ring
D:2:      minmay_evil_eye, layout_basic, hellmonk_ecumenical_altar_crossroads,
          serial_shops, shop
D:3:      layout_loops_corners, serial_shops, shop
D:4:      layout_loops_ring

Skill      XL: |  1  2  3  4 |
---------------+-------------+-----
Polearms       | 2 3 4 |  4.1
Fighting       | |  3.0
Armour         | |  1.7
Dodging        | |  0.8
Invocations    | |  2.4

Action                   |  1- 3 |  4- 6 || total
-------------------------+-------+-------++-------
Melee: Spear             |   155 |    48 ||   203
Invok: Bend Space        |       |     2 ||     2
 Stab: Sleeping          |     1 |       ||     1
Armor: Leather armour    |    24 |     7 ||    31
Dodge: Dodged            |    57 |    23 ||    80
